AoeStats
← Dr. Nick Riviera

Highland

505906725Analyzed
3v3 RM · 20d ago on Sep 11, 2026· 131m 5s· 6 players
Game mode
Random Map
Map size
Normal (6 player)
Population
200
Speed
Normal
Resources
Standard
Victory
Conquest
Starting age
Dark Age
Ending age
Imperial Age
RankedLock teamsTeams togetherTeam positionsShared explorationLock speedFull tech treeHidden civsTurbo modeCheats
Victory
Defeat
🇪🇨 Spanish · Ecuador
1104
+15
🇨🇳 Spanish · China
1069
+16
🇹🇷 Byzantines · Türkiye
1060
+16
🇦🇷 Italians · Argentina
1093
-17
🇨🇱 Goths · Chile
1061
-15
🇨🇱 Aztecs · Chile
1053
-15
El_Warnersito
11:50 Feudal Age
13:14 Wheelbarrow
12:25 Double-Bit Axe
13:56 Loom
16:32 Castle Age
14:37 Horse Collar
14:49 Gold Mining
15:21 Stone Mining
16:39 Fletching
19:44 Padded Archer Armor
26:06 Hand Cart
29:12 Leather Archer Armor
31:16 Town Watch
35:04 Imperial Age
32:41 Bodkin Arrow
33:43 Stone Shaft Mining
33:38 Scale Barding Armor
33:44 Forging
35:16 Chain Barding Armor
35:28 Bloodlines
37:30 Husbandry
38:51 Ring Archer Armor
38:42 Conscription
38:38 Elite Conquistador
39:58 Plate Barding Armor
39:14 Town Watch
42:13 Iron Casting
41:01 Cavalier
42:21 Paladin
44:03 Blast Furnace
44:55 Scale Mail Armor
46:45 Chain Mail Armor
46:17 Gambesons
46:32 Squires
45:53 Man-at-Arms
48:02 Chemistry
47:22 Ballistics
46:51 Capped Ram
48:03 Plate Mail Armor
49:04 Bracer
49:43 Bow Saw
50:37 Supremacy
49:48 Long Swordsman
50:13 Arson
51:47 Two-Handed Swordsman
52:35 Champion
55:49 Masonry
55:11 Siege Ram
56:13 Town Patrol
55:43 Light Cavalry
61:48 Hoardings
61:45 Architecture
61:22 Caravan
62:30 Hussar
65:36 Murder Holes
66:03 Bombard Tower
66:27 Pikeman
71:14 Coinage
77:49 Thumb Ring
77:04 Elite Skirmisher
96:33 Halberdier
115:54 Fortified Wall
02281
0:50 Loom
12:43 Feudal Age
13:26 Town Watch
17:48 Castle Age
16:58 Double-Bit Axe
16:56 Horse Collar
19:22 Fletching
19:32 Padded Archer Armor
23:06 Gold Mining
23:09 Stone Mining
28:51 Imperial Age
28:08 Bow Saw
28:01 Heavy Plow
30:38 Chemistry
29:46 Demolition Ship
31:34 Two-Man Saw
31:14 Wheelbarrow
32:17 Conscription
33:00 Leather Archer Armor
33:47 Hand Cart
34:26 Elite Cannon Galleon
35:50 Bombard Tower
36:44 Ring Archer Armor
36:10 Bodkin Arrow
36:31 Heavy Demolition Ship
38:05 Ballistics
37:56 Fortified Wall
38:00 Clinker Construction
38:00 Fortified Wall
38:12 Careening
38:05 Caravan
38:49 Medium Warships
40:26 Heavy Warships
40:56 Carvel Hull
41:29 Bracer
41:39 Forging
41:50 Husbandry
42:01 Bloodlines
47:12 Murder Holes
47:03 Arrowslits
47:39 Dry Dock
47:30 Masonry
47:10 Guard Tower
47:28 Scale Barding Armor
47:58 Iron Casting
48:39 Chain Barding Armor
54:49 Blast Furnace
58:49 Elite Conquistador
68:05 Stone Shaft Mining
68:51 Keep
68:46 Architecture
68:55 Plate Barding Armor
77:51 Siphons
77:47 Scale Mail Armor
77:12 Pikeman
77:53 Squires
80:26 Cavalier
81:45 Paladin
96:12 Chain Mail Armor
96:09 Fervor
95:55 Herbal Medicine
97:32 Shipwright
100:31 Plate Mail Armor
107:15 Coinage
109:46 Block Printing
111:57 Banking
111:41 Halberdier
111:47 Light Cavalry
114:32 Man-at-Arms
114:57 Arson
114:58 Gambesons
114:38 Hussar
mbe6161
0:27 Loom
10:39 Feudal Age
12:57 Double-Bit Axe
18:51 Castle Age
17:17 Horse Collar
19:16 Wheelbarrow
21:07 Hand Cart
28:45 Imperial Age
27:21 Forging
27:15 Scale Mail Armor
27:20 Scale Barding Armor
28:55 Ballistics
28:42 Gold Mining
28:43 Stone Mining
29:16 Heavy Plow
29:33 Bow Saw
30:37 Chemistry
30:54 Fletching
31:04 Padded Archer Armor
32:16 Cavalier
32:58 Husbandry
32:58 Bodkin Arrow
33:18 Leather Archer Armor
34:10 Crop Rotation
35:33 Two-Man Saw
37:00 Iron Casting
38:05 Chain Barding Armor
37:14 Heavy Camel Rider
38:58 Chain Mail Armor
38:44 Bracer
39:14 Ring Archer Armor
39:00 Caravan
39:31 Coinage
40:35 Paladin
40:40 Light Cavalry
44:17 Hussar
46:03 Plate Mail Armor
46:08 Plate Barding Armor
46:02 Bombard Tower
45:54 Fortified Wall
45:39 Murder Holes
45:41 Guard Tower
45:44 Arrowslits
45:45 Treadmill Crane
46:17 Pikeman
46:17 Man-at-Arms
46:43 Gambesons
46:58 Squires
46:43 Arson
49:45 Long Swordsman
49:45 Halberdier
51:47 Guilds
52:07 Banking
51:48 Guilds
53:53 Conscription
56:36 Logistica
63:03 Elite Skirmisher
63:10 Two-Handed Swordsman
64:10 Champion
91:02 Capped Ram
101:49 Siege Ram
108:19 Elite Cataphract
110:53 Hoardings
Dr. Nick Riviera
2:49 Loom
5:55 Loom
11:14 Feudal Age
17:54 Castle Age
16:18 Horse Collar
16:37 Double-Bit Axe
20:45 Stone Mining
34:56 Imperial Age
33:08 Squires
33:29 Pikeman
33:31 Elite Skirmisher
34:37 Bow Saw
34:57 Fletching
35:08 Padded Archer Armor
36:23 Forging
36:14 Scale Mail Armor
37:49 Wheelbarrow
37:43 Chain Mail Armor
38:29 Gold Mining
39:18 Stone Shaft Mining
39:49 Fortified Wall
40:46 Chemistry
40:10 Ballistics
39:14 Capped Ram
41:13 Plate Mail Armor
41:43 Iron Casting
52:29 Garland Wars
58:31 Blast Furnace
58:23 Gold Shaft Mining
58:07 Arson
62:41 Siege Ram
63:58 Fortified Wall
70:22 Elite Jaguar Warrior
74:36 Elite Jaguar Warrior
87:38 Hand Cart
91:52 Bodkin Arrow
92:13 Leather Archer Armor
92:01 Atlatl
95:15 Chemistry
95:20 Bracer
McNulty
7:53 Loom
10:13 Feudal Age
11:24 Feudal Age
13:00 Double-Bit Axe
12:41 Man-at-Arms
14:01 Town Watch
19:47 Castle Age
21:03 Bow Saw
20:45 Gold Mining
24:11 Squires
23:49 Long Swordsman
25:25 Fletching
32:07 Scale Mail Armor
32:46 Horse Collar
34:15 Forging
34:20 Heavy Plow
37:12 Wheelbarrow
38:39 Hand Cart
39:28 Stone Mining
42:47 Imperial Age
40:30 Pikeman
41:54 Bodkin Arrow
42:59 Iron Casting
42:40 Chain Mail Armor
43:13 Caravan
44:01 Anarchy
45:12 Two-Man Saw
45:41 Blast Furnace
45:35 Conscription
45:35 Perfusion
46:09 Elite Huskarl
47:18 Capped Ram
50:48 Bracer
52:56 Ballistics
57:13 Chemistry
56:24 Masonry
56:09 Murder Holes
55:55 Halberdier
57:40 Crop Rotation
62:49 Padded Archer Armor
64:22 Architecture
85:06 Two-Handed Swordsman
106:50 Scale Barding Armor
107:33 Onager
108:58 Chain Barding Armor
109:28 Champion
114:48 Coinage
114:29 Guilds
119:52 Banking
129:18 Heavy Cavalry Archer
130:14 Leather Archer Armor
Bruno
12:25 Feudal Age
10:40 Loom
12:53 Horse Collar
12:59 Double-Bit Axe
19:37 Castle Age
19:09 Town Watch
21:07 Heavy Plow
21:19 Bow Saw
24:36 Wheelbarrow
25:34 Hand Cart
26:16 Caravan
26:49 Fletching
27:40 Silk Road
28:01 Bodkin Arrow
28:23 Fortified Wall
28:34 Ballistics
28:45 Murder Holes
29:32 Heated Shot
31:30 Gold Mining
31:30 Stone Mining
31:53 Forging
31:44 Scale Mail Armor
31:44 Padded Archer Armor
34:42 Imperial Age
34:03 Pikeman
34:44 Squires
34:30 Arson
35:28 Iron Casting
35:08 Chain Mail Armor
35:08 Leather Archer Armor
35:14 Leather Archer Armor
35:39 Bracer
36:49 Chemistry
36:02 Thumb Ring
38:44 Blast Furnace
38:14 Plate Mail Armor
40:20 Ring Archer Armor
43:19 Masonry
44:12 Two-Man Saw
43:44 Crop Rotation
44:44 Conscription
50:50 Elite Genoese Crossbowman
54:12 Elite Genoese Crossbowman
57:39 Stone Shaft Mining
94:56 Pirotechnia
101:09 Coinage
100:49 Guilds
102:20 Banking
105:40 Hoardings
105:38 Architecture
104:48 Treadmill Crane
115:16 Siphons
115:31 Shipwright
115:21 Clinker Construction
115:22 Careening
119:57 Dry Dock
119:58 Carvel Hull
119:49 Incendiaries
128:49 Crossbowman
128:49 Elite Skirmisher
129:54 Bombard Tower
129:19 Arrowslits
129:26 Guard Tower
Connection lost

Rejoining the realm…

Still unreachable

The connection could not be restored.

Session expired

The server has moved on; the page needs a fresh start.